 Dungeon Crawl Stone Soup version 0.30-a0-996-ga6910c8ee8 (webtiles) character file.

Game seed: 3644053484582703101

31361 Twinkles the Brawler (level 13, -3/131 HPs)
             Began as a Troll Fighter on Apr 4, 2023.
             Was a Priest of Wu Jian.
             Slain by a ten-headed hydra (14 damage)
             ... on level 4 of the Lair of Beasts.
             The game lasted 01:16:44 (14493 turns).

Twinkles the Brawler (Troll Fighter)               Turns: 14493, Time: 01:16:45

Health: -3/131     AC:  7    Str: 27    XL:     13   Next: 25%
Magic:  12/12      EV: 10    Int:  6    God:    Wu Jian [***...]
Gold:   1239       SH:  9    Dex:  9    Spells: 10/12 levels left

rFire   . . .      SeeInvis .      - Unarmed
rCold   . . .      Faith    .    b - +0 kite shield
rNeg    . . .      Spirit   .    w - +0 troll leather armour
rPois   .          Reflect  .    (helmet restricted)
rElec   .          Rampage  .    n - +0 cloak
rCorr   .                        (gloves unavailable)
Will    +....                    (boots unavailable)
Stlth   +                        I - amulet of regeneration
HPRegen 2.81/turn                K - ring of willpower
MPRegen 0.13/turn                (no ring)

@: exhausted
A: large, unfitting armour, claws 3, regeneration 1, shaggy fur 1, tough skin 1,
weak 1
a: Renounce Religion, Wall Jump, Serpent's Lash


You were on level 4 of the Lair of Beasts.
You worshipped Wu Jian.
Wu Jian was most pleased with you.
You visited 3 branches of the dungeon, and saw 16 of its levels.
You also visited: Ossuary.

You collected 1239 gold pieces.

Inventory:

Hand Weapons
 z - a +0 heavy sling
Missiles
 l - a curare-tipped dart
 o - 2 datura-tipped darts
 t - 11 boomerangs (quivered)
 x - 11 poisoned darts
Armour
 b - a +0 kite shield (worn)
 k - the +1 robe "Dayrhack" {Will++ rCorr Dex+4}
   (You found it on level 10 of the Dungeon)

   Dex:       It affects your dexterity (+4).
   rCorr:     It protects you from acid and corrosion.
   Will:      It greatly increases your willpower.
 n - a +0 cloak (worn)
 w - a +0 troll leather armour (worn)
 O - a +2 robe of fire resistance
 S - +0 acid dragon scales
 W - a +2 robe of willpower
Jewellery
 g - the amulet "Uxuth" {rF- rC+++ Will- Regen+ Int+6}
   (You found it on level 6 of the Dungeon)

   [amulet of regeneration]

   Int:       It affects your intelligence (+6).
   rF:        It makes you vulnerable to fire.
   rC:        It renders you almost immune to cold.
   Regen:     It increases your rate of health regeneration.
   Will:      It decreases your willpower.
 r - a ring of ice
 I - an amulet of regeneration (around neck)
 K - a ring of willpower (left claw)
Wands
 d - a wand of digging (10)
 e - a wand of charming (9)
 i - a wand of iceblast (29)
 j - a wand of polymorph (5)
 v - a wand of quicksilver (10)
 y - a wand of mindburst (33)
Scrolls
 a - 4 scrolls of enchant armour {unknown}
 c - 3 scrolls of fear {unknown}
 f - a scroll of silence {unknown}
 h - a scroll of noise {unknown}
 p - 3 scrolls of torment {unknown}
 q - 4 scrolls of poison
 u - 2 scrolls of immolation {unknown}
 D - 4 scrolls of enchant weapon {unknown}
 E - 2 scrolls of blinking {unknown}
 F - 4 scrolls of fog
 V - 3 scrolls of vulnerability
 X - 3 scrolls of magic mapping
 Y - 4 scrolls of teleportation
 Z - 6 scrolls of identify
Potions
 A - 4 potions of attraction
 B - 3 potions of brilliance
 C - a potion of cancellation
 G - a potion of ambrosia
 H - 4 potions of haste
 J - 4 potions of curing
 L - 6 potions of flight
 M - 2 potions of might
 N - 2 potions of heal wounds
 P - 4 potions of lignification
 Q - 3 potions of magic
 R - 2 potions of resistance
 T - 3 potions of berserk rage
 U - 3 potions of mutation
Miscellaneous
 m - a phantom mirror
 s - a tin of tremorstones (2/2)


   Skills:
 + Level 9.5 Fighting
 - Level 3.0 Throwing
 + Level 6.4 Dodging
 + Level 7.0 Shields
 * Level 15.1 Unarmed Combat
 + Level 6.5 Translocations


You had 10 spell levels left.
You knew the following spells:

 Your Spells              Type           Power      Damage    Failure   Level
a - Blink                 Tloc           14%        N/A       12%         2

Your spell library contained the following spells:

 Spells                   Type           Power      Damage    Failure   Level
 Lesser Beckoning         Tloc           14%        N/A       12%         2
 Momentum Strike          Conj/Tloc      6%         3d8       43%         2
 Sting                    Tmut/Pois      0%         1d3       75%         1
 Cigotuvi's Dreadful Rot  Necr/Pois/Air  0%         N/A       87%         2
 Ensorcelled Hibernation  Hex/Ice        0%         N/A       87%         2
 Poisonous Vapours        Pois/Air       0%         N/A       87%         2
 Dazzling Flash           Conj/Hex       0%         N/A       98%         3
 Mephitic Cloud           Conj/Pois/Air  0%         N/A       98%         3
 Ozocubu's Armour         Ice            0%         N/A       98%         3
 Spider Form              Tmut/Pois      0%         N/A       98%         3
 Summon Guardian Golem    Hex/Summ       0%         N/A       98%         3
 Anguish                  Hex/Necr       0%         N/A       100%        4
 Olgreb's Toxic Radiance  Pois           0%         N/A       100%        4
 Agony                    Necr           0%         N/A       100%        5
 Silence                  Hex/Air        0%         N/A       100%        5
 Orb of Destruction       Conj           0%         9d5       100%        7
 Ozocubu's Refrigeration  Ice            0%         4d7       100%        7
 Spellforged Servitor     Conj/Summ      0%         N/A       100%        7


Dungeon Overview and Level Annotations

Branches:
Dungeon (11/15) Zot: 25724  Temple (1/1) D:4 Zot: 5739    Lair (4/5) D:10 Zot: 19919
 Shoals (0/4) Lair:3       Spider (0/4) Lair:2          Orc (0/2) D:11
Ossuary (visited)
  Slime: Lair:4-5

Altars:
Ashenzari
Cheibriados
Dithmenos
Elyvilon
Fedhas
Gozag
Hepliaklqana
Kikubaaqudgha
Makhleb
Nemelex Xobeh
Okawaru
Qazlal
Ru
Sif Muna
Trog
Uskayaw
Vehumet
Wu Jian
Xom
Yredelemnul
Zin
The Shining One

Annotations:
D:4 3 runed translucent doors, xian's ghost, novice DsCj
Lair:1 1 runed translucent door, Tuexibol's ghost, journeyman TrFi


Innate Abilities, Weirdness & Mutations

You are too large for most types of armour.
You have claws for hands.
Your natural rate of healing is unusually fast.
You are covered in fur. (AC +1)
You have tough skin. (AC +1)
You are weak. (Str -2)


Message History

Your supernatural speed expires.
You claw one of the seven-headed hydra's heads off!
The six-headed hydra grows two more!
You claw the eight-headed hydra!
The eight-headed hydra is heavily wounded.
The eight-headed hydra bites you!
The eight-headed hydra bites you but does no damage.
The eight-headed hydra bites you! The eight-headed hydra bites you. x3
The eight-headed hydra bites you!
The eight-headed hydra barely misses you.
You claw one of the eight-headed hydra's heads off!
The seven-headed hydra grows two more!
You mangle the nine-headed hydra!!
The nine-headed hydra is severely wounded.
The nine-headed hydra bites you but does no damage. x2
The nine-headed hydra bites you. The nine-headed hydra bites you!
The nine-headed hydra bites you but does no damage.
The nine-headed hydra closely misses you.
You block the nine-headed hydra's attack.
The nine-headed hydra completely misses you.
The nine-headed hydra bites you.
You scratch the nine-headed hydra but do no damage.
The nine-headed hydra is severely wounded.
You tear one of the nine-headed hydra's heads off!
The eight-headed hydra grows two more!
You mangle the ten-headed hydra!!
The ten-headed hydra is almost dead.
The ten-headed hydra bites you. x4; The ten-headed hydra barely misses you.
The ten-headed hydra bites you.
The ten-headed hydra bites you but does no damage.
The ten-headed hydra bites you.
You block the ten-headed hydra's attack.
The ten-headed hydra bites you!
You completely miss the ten-headed hydra.
The ten-headed hydra is almost dead.
The ten-headed hydra bites you! x2
* * * LOW HITPOINT WARNING * * *
The ten-headed hydra bites you!
* * * LOW HITPOINT WARNING * * *
The ten-headed hydra bites you!
* * * LOW HITPOINT WARNING * * *
The ten-headed hydra bites you!
You die...

##.#..#.# ### #.#..#..##
# # #####..#....#
.####P##..#.##### #
..#...PPP### ###
###....PPP# #.#
###......P### ##.
.........## #.
........@°##### ##.
........D..##.### ##..
.......##.°#.##.######...
P.##.## #................
# #.#.............<.
#...####P##..####. ##.P#
####### ## ####


You could see a ten-headed hydra.

Vanquished Creatures
  Josephine (Lair:2)
  2 hydras (Lair:4)
  Erica (D:8)
  4 two-headed ogres
  2 skysharks (Lair:3)
  Nergalle (D:10)
  Amaemon (Lair:3)
  3 black mambas
  An orange demon (Lair:3)
  5 elephants
  8 cane toads
  Joseph (D:8)
  A gargoyle (D:11)
  Maggie (D:7)
  A rime drake (Lair:4)
  5 komodo dragons
  2 trolls
  Prince Ribbit (D:8)
  6 blink frogs
  A snapping turtle (Lair:3)
  2 jumping spiders (Lair:2)
  5 culicivoras (Lair:2)
  5 wyverns
  A shadow (D:11)
  A human (D:10)
  3 basilisks
  3 wraiths
  Grum (D:8)
  26 yaks
  2 steam dragons
  A redback (Lair:2)
  2 acid dragons
  7 water moccasins
  Duvessa (D:7)
  6 orc warriors
  A sky beast (D:8)
  An ice beast (D:4)
  3 black bears
  2 ogres (D:4)
  9 wolves
  4 centaurs
  2 kobold brigands (D:7)
  3 phantoms
  Blork the orc (D:4)
  11 bullfrogs
  A gnoll sergeant (D:11)
  10 scorpions
  14 wights
  Dowan (D:7)
  4 killer bees
  An electric eel (D:10)
  2 howler monkeys
  A centaur zombie (Ossuary)
  3 hounds
  A human zombie (Ossuary)
  10 orc priests
  4 jellies
  A sleepcap (D:5)
  3 iguanas
  Ijyb (D:3)
  5 hell rats (Lair:4)
  12 orc wizards
  3 scorpion zombies (Ossuary)
  3 mummies (Ossuary)
  15 gnolls
  15 adders
  A shadow imp (D:7)
  3 white imps
  3 ufetubi
  2 worms
  A dart slug (D:1)
  43 orcs
  6 endoplasms
  A giant cockroach (D:1)
  8 goblins
  6 hobgoblins
  3 jackals (D:1)
  A quokka (D:1)
  17 ball pythons
  4 bats
  3 frilled lizards
  2 gnoll zombies (Ossuary)
  4 goblin zombies (Ossuary)
  15 kobolds
  3 kobold zombies (Ossuary)
  A rat (D:2)
388 creatures vanquished.

Vanquished Creatures (others)
  A bullfrog (Lair:3)
  15 fungi
  22 plants
38 creatures vanquished.

Grand Total: 426 creatures vanquished

Notes
Turn   | Place    | Note
-------+----------+-------------------------------------------
     0 | D:1      | Twinkles the Troll Fighter began the quest for the Orb.
     0 | D:1      | Reached XP level 1. HP: 22/22 MP: 0/0
    90 | D:1      | Reached XP level 2. HP: 29/29 MP: 1/1
   557 | D:1      | Reached XP level 3. HP: 36/36 MP: 2/2
  1435 | D:3      | Found a white marble altar of Elyvilon.
  1495 | D:3      | Noticed Ijyb
  1645 | D:3      | Killed Ijyb
  1646 | D:3      | Reached skill level 3 in Unarmed Combat
  1646 | D:3      | Reached XP level 4. HP: 40/44 MP: 3/3
  1748 | D:3      | Found a bloodstained altar of Trog.
  1950 | D:3      | Reached XP level 5. HP: 42/53 MP: 4/4
  2054 | D:3      | Found a basalt altar of Yredelemnul.
  2333 | D:4      | Noticed Blork the orc
  2333 | D:4      | Found a staircase to the Ecumenical Temple.
  2340 | D:4      | Killed Blork the orc
  2359 | Temple   | Entered the Ecumenical Temple
  2609 | Temple   | Became a worshipper of the Wu Jian Council
  2643 | D:4      | Reached skill level 4 in Unarmed Combat
  2689 | D:4      | Reached XP level 6. HP: 61/61 MP: 5/5
  2791 | D:4      | Found a runed translucent gate.
  2792 | D:4      | Found a runed translucent gate.
  2792 | D:4      | Noticed xian's ghost (novice DsCj)
  2794 | D:4      | Found a runed translucent gate.
  2794 | D:4      | Identified the +4 mace "Sutoif" {flame, Dex+4}
  2794 | D:4      | Identified the +2 leather armour "Roap" {Harm rPois rF-
                  | Will+}
  2924 | D:4      | Reached * piety under Wu Jian
  2925 | D:4      | Reached XP level 7. HP: 64/68 MP: 6/6
  2968 | D:4      | Reached skill level 5 in Unarmed Combat
  2977 | D:4      | Identified the +0 robe of Distant Worlds {Contam Str+5}
  3031 | D:4      | You fall into a shaft and drop 1 floor!
  3031 | D:5      | Entered Level 5 of the Dungeon
  3031 | D:5      | Found a snail-covered altar of Cheibriados.
  3579 | D:4      | Reached skill level 6 in Unarmed Combat
  3579 | D:4      | Reached XP level 8. HP: 73/79 MP: 7/7
  4256 | D:6      | Reached ** piety under Wu Jian
  4362 | D:6      | Reached skill level 5 in Shields
  4452 | D:6      | Found a sand-covered staircase.
  4464 | Ossuary  | Entered an ossuary
  4485 | Ossuary  | Reached skill level 7 in Unarmed Combat
  4789 | Ossuary  | Reached skill level 5 in Fighting
  4796 | Ossuary  | Reached skill level 5 in Dodging
  4856 | Ossuary  | Reached XP level 9. HP: 88/88 MP: 8/8
  4858 | Ossuary  | Reached *** piety under Wu Jian
  5039 | D:6      | Identified the amulet "Uxuth" {rF- rC+++ Will- Regen+
                  | Int+6}
  5491 | D:6      | Reached skill level 8 in Unarmed Combat
  5599 | D:7      | Noticed Duvessa
  5601 | D:7      | Noticed Dowan
  5616 | D:7      | Killed Duvessa
  5620 | D:7      | Killed Dowan
  5663 | D:7      | Found a hide-covered altar of Uskayaw.
  5771 | D:7      | Noticed Maggie
  6054 | D:7      | Killed Maggie
  6055 | D:7      | Reached skill level 9 in Unarmed Combat
  6209 | D:7      | Reached **** piety under Wu Jian
  6758 | D:8      | Noticed a troll
  6773 | D:8      | Killed a troll
  6774 | D:8      | Reached XP level 10. HP: 98/98 MP: 9/9
  6797 | D:8      | Noticed Joseph
  6816 | D:8      | Killed Joseph
  7007 | D:8      | Noticed Erica
  7148 | D:8      | Killed Erica
  7149 | D:8      | Reached skill level 10 in Unarmed Combat
  7149 | D:8      | Reached skill level 1 in Translocations
  7187 | D:8      | Found a shimmering altar of Xom.
  7305 | D:8      | Noticed Grum
  7314 | D:8      | Killed Grum
  7681 | D:8      | Noticed Prince Ribbit
  7686 | D:8      | Killed Prince Ribbit
  7746 | D:9      | Reached skill level 11 in Unarmed Combat
  7937 | D:9      | Reached XP level 11. HP: 89/109 MP: 10/10
  8164 | D:9      | Found a glowing silver altar of Zin.
  8164 | D:9      | Found an opulent altar of Gozag.
  8301 | D:10     | Entered Level 10 of the Dungeon
  8327 | D:10     | Found a staircase to the Lair.
  8327 | D:10     | Noticed a two-headed ogre
  8349 | D:10     | Noticed a two-headed ogre
  8415 | D:10     | Found a blossoming altar of Fedhas.
  8449 | D:10     | Killed a two-headed ogre
  8534 | D:10     | Killed a two-headed ogre
  8623 | D:10     | Found an ancient bone altar of Kikubaaqudgha.
  8626 | D:10     | Found a hazy altar of Hepliaklqana.
  8712 | D:10     | Reached skill level 12 in Unarmed Combat
  8741 | D:10     | Found a shadowy altar of Dithmenos.
  8764 | D:10     | Noticed Nergalle
  8771 | D:10     | Killed Nergalle
  8810 | D:10     | Identified the +1 robe "Dayrhack" {Will++ rCorr Dex+4}
  8823 | D:10     | Learned a level 2 spell: Blink
  8893 | D:10     | Found a shimmering blue altar of Sif Muna.
  9133 | D:11     | Found a staircase to the Orcish Mines.
  9140 | D:11     | Identified the +6 dagger "Sida" {venom, rC+ Dex-4 SInv}
  9323 | D:11     | Noticed a two-headed ogre
  9335 | D:11     | Killed a two-headed ogre
  9336 | D:11     | Reached skill level 1 in Throwing
  9399 | D:11     | Upgraded the game from 0.30-a0-989-g0d87f670db to
                  | 0.30-a0-996-ga6910c8ee8
  9727 | D:11     | Gained mutation: You are weak. (Str -2) [mutagenic glow]
  9797 | D:11     | Noticed a two-headed ogre
  9816 | D:11     | Killed a two-headed ogre
 10407 | Lair:1   | Entered Level 1 of the Lair of Beasts
 10584 | Lair:1   | Reached skill level 13 in Unarmed Combat
 10732 | Lair:1   | Reached XP level 12. HP: 120/120 MP: 11/11
 10789 | Lair:1   | Found a runed translucent door.
 10789 | Lair:1   | Noticed Tuexibol's ghost (journeyman TrFi)
 11412 | Lair:2   | Found a hole to the Spider Nest.
 11449 | Lair:2   | Reached skill level 5 in Translocations
 12343 | Lair:2   | HP: 32/122 [culicivora (19)]
 12348 | Lair:2   | HP: 16/122 [culicivora (4)]
 12506 | Lair:2   | Reached skill level 14 in Unarmed Combat
 12815 | Lair:3   | Noticed Amaemon
 12822 | Lair:3   | Killed Amaemon
 12831 | Lair:3   | Noticed Josephine
 12931 | Lair:2   | Killed Josephine
 13379 | Lair:3   | Found a staircase to the Shoals.
 13500 | Lair:4   | Noticed a seven-headed hydra
 13530 | Lair:4   | HP: 34/123 [elephant (6)]
 13537 | Lair:4   | HP: 24/123 [elephant (12)]
 13616 | Lair:4   | Noticed a five-headed hydra
 13629 | Lair:4   | Killed an eight-headed hydra
 13823 | Lair:4   | Reached XP level 13. HP: 120/131 MP: 12/12
 14060 | Lair:4   | Reached skill level 15 in Unarmed Combat
 14493 | Lair:4   | HP: 30/131 [ten-headed hydra (12)]
 14493 | Lair:4   | HP: 11/131 [ten-headed hydra (12)]
 14493 | Lair:4   | Slain by a ten-headed hydra

Illustrated notes

Levels and vault maps discovered:
D:1:      dpeg_arrival_tiny_i, layout_basic, solitary_fountain,
          dreamdust_mushroom_princess
D:2:      layout_basic, minmay_shallow_snake_nest
D:3:      layout_basic, mainiacjoe_overflow_24_doors, elyvilon_altar_1,
          mainiacjoe_overflow_brackets, minmay_snake_closets, uniq_ijyb
D:4:      layout_basic, minmay_temple_entry_junction_2,
          biasface_ghost_orc_armoury, uniq_blork_the_orc
D:5:      layout_cave_pools, cheibriados_altar_1, minmay_misc_feat_x
D:6:      layout_basic, enter_ossuary_3, minmay_misc_feat_cross
D:7:      mumra_celtic_spiral_tile, layout_cave_pools, kennysheep_mini_moat,
          corexii_checkpoint_b, uniq_maggie, uniq_duvessa
D:8:      minmay_goldmine, layout_gridville, general_overflow_altar, uniq_grum,
          uniq_joseph, uniq_prince_ribbit1, uniq_erica
D:9:      layout_cave_pools, grunt_temple_overflow_gold_and_silver
D:10:     layout_basic, fedhas_altar_1, nicolae_overflow_crystal_walls,
          nicolae_sif_muna_condensation, nicolae_overflow_squiral,
          david_lair_generic, minmay_rotating_lava, uniq_nergalle
D:11:     layout_gridville, erik_orc_4, abandoned_shop, minmay_misc_feat_encased
Temple:   compressed_dpeg_triangle_lava_temple
Lair:1:   layout_chaotic_city, gammafunk_ghost_grave, grunt_megastairs_1
Lair:2:   layout_gridlike, nicolae_spider_entry_tight_spaces
Lair:3:   layout_gridlike, minmay_shoals_entry_hut, lemuel_fruit_tree,
          uniq_josephine, uniq_amaemon
Lair:4:   layout_cave_pods, lemuel_fruit_fields, grunt_megastairs_2,
          infiniplex_staircase_pool_2

Skill      XL: |  1  2  3  4  5  6  7  8  9 10 11 12 13 |
---------------+----------------------------------------+-----
Shields        | 3 4 5 6 7 |  7.0
Dodging        | 3 4 5 6 |  6.4
Unarmed Combat | 3 4 6 7 9 11 13 14 15 | 15.1
Fighting       | 3 4 5 6 7 8 9 |  9.5
Translocations | 3 4 6 |  6.5
Throwing       | 2 3 |  3.0

Action                     |  1- 3 |  4- 6 |  7- 9 | 10-12 | 13-15 || total
---------------------------+-------+-------+-------+-------+-------++-------
  Melee: Unarmed           |   101 |   132 |   321 |   610 |    98 ||  1262
         Whip              |       |       |       |     3 |       ||     3
  Throw: Boomerang         |       |       |    17 |    43 |     8 ||    68
         Dart              |       |       |     6 |    22 |       ||    28
 Invoke: Serpent's Lash    |       |       |     1 |    34 |     7 ||    42
Ability: Lunge             |       |    11 |    31 |    96 |    12 ||   150
         Whirlwind         |       |       |     6 |    62 |     9 ||    77
         Wall Jump         |       |       |       |     1 |       ||     1
  Evoke: Wand              |       |     5 |       |     2 |     2 ||     9
    Use: Scroll            |       |       |    10 |    12 |     1 ||    23
         Potion            |       |       |     1 |     2 |       ||     3
   Stab: Sleeping          |       |     1 |     2 |       |       ||     3
 Armour: Robe              |    28 |    34 |    49 |    32 |       ||   143
         Troll leather arm |       |       |       |    63 |    23 ||    86
         Skin              |       |       |       |     7 |       ||     7
  Dodge: Dodged            |    31 |    34 |   101 |   148 |    32 ||   346
  Block: Kite shield       |    42 |    52 |   101 |   202 |    34 ||   431

Table legend: (Time is in decaauts)
 A = Elapsed time spent in this place.
 B = Non-inter-level travel time spent in this place.
 C = Inter-level travel time spent in this place.
 D = Time resting spent in this place.
 E = Time spent auto-exploring this place.
 F = Levels seen in this place.
 G = Mean time per level.
                   A        B        C        D        E       F      G
               +--------+--------+--------+--------+--------+-----+--------+
         Total |  14503 |  13327 |   1176 |   1044 |   8473 |  17 |  853.1 |
       Dungeon |   9631 |   8747 |    884 |    623 |   5758 |  11 |  875.5 |
        Temple |    260 |    251 |      9 |      0 |    233 |   1 |  260.0 |
          Lair |   4079 |   3796 |    283 |    362 |   2374 |   4 | 1019.8 |
       Ossuary |    530 |    530 |      0 |     59 |    108 |   1 |  530.0 |
               +--------+--------+--------+--------+--------+-----+--------+

Top non-repeatable levels by time:
  Lair:2: 1310 daAuts
     D:8: 1166 daAuts
     D:7: 1084 daAuts
    D:11: 1037 daAuts
    D:10: 1031 daAuts
  Lair:4: 980 daAuts
     D:3: 937 daAuts
     D:5: 934 daAuts
  Lair:3: 916 daAuts
  Lair:1: 872 daAuts
     D:6: 781 daAuts
     D:2: 729 daAuts
     D:4: 725 daAuts
     D:1: 676 daAuts
 Ossuary: 530 daAuts
